 Dungeon Crawl Stone Soup version 0.24.0-123-gd5b16e6ec5 (webtiles) character file.

Game seed: 17717174573888847727, levelgen mode: deterministic

109185 FishyPogo the Thaumaturge (level 16, 0/126 HPs)
             Began as a Gnoll Skald on Dec 19, 2019.
             Was the Champion of Makhleb.
             Slain by a swamp worm (14 damage)
             ... on level 4 of the Swamp on Dec 20, 2019.
             The game lasted 02:35:29 (22477 turns).

FishyPogo the Thaumaturge (Gnoll Skald)            Turns: 22477, Time: 02:35:29

Health: 0/126      AC: 23    Str: 21    XL:     16   Next: 51%
Magic:  1/31       EV: 16    Int: 18    God:    Makhleb [******]
Gold:   1707       SH: 12    Dex: 20    Spells: 9/38 levels left

rFire    + + .     SeeInvis .   b - +9 dagger of the Dove {elec, rF+}
rCold    + + .     Gourm    .   Q - +0 buckler
rNeg     . . .     Faith    .   A - +6 chain mail of Ruudus {rF+ MR+}
rPois    +         Spirit   .   w - +2 hat
rElec    .         Reflect  +   N - +0 cloak of Gallantry {rPois Dex+3}
rCorr    .         Harm     .   g - +0 pair of gloves
MR       ++...                  (no boots)
Stlth    ++........             l - +5 amulet of reflection
HPRegen  0.31/turn              i - ring of wizardry
MPRegen  0.22/turn              Y - ring "Vetror" {rC++ Int+2 Dex+3}

@: about to teleport, very slightly contaminated
A: distributed training, fangs 1, hooves 1, wild magic 1, strong nose
a: Minor Destruction, Lesser Servant of Makhleb, Major Destruction, Greater
Servant of Makhleb, Renounce Religion


You were on level 4 of the Swamp.
You worshipped Makhleb.
Makhleb was exalted by your worship.
You were very hungry.

You visited 6 branches of the dungeon, and saw 28 of its levels.
You also visited: Gauntlet.

You collected 2559 gold pieces.
You spent 852 gold pieces at shops.

Inventory:

Hand Weapons
 a - the +10 zealot's sword {holy, *Rage rN+ EV+3}
   (You took it off a minotaur in a Gauntlet)

   It has been blessed by the Shining One to cause great damage to the undead
   and demons.
   It affects your evasion (+3).
   It protects you from negative energy.
   It may make you go berserk in combat.
 b - the +9 dagger of the Dove (weapon) {elec, rF+}
   (You found it on level 4 of the Dungeon)

   Occasionally, upon striking a foe, it will discharge some electrical energy
   and cause terrible harm.
   It protects you from fire.
Missiles
 s - 2 throwing nets
 u - 22 javelins
 E - 6 silver boomerangs
 F - 22 boomerangs (quivered)
 R - 6 silver javelins
 X - 65 poisoned darts
Armour
 g - a +0 pair of gloves (worn)
 w - a +2 hat (worn)
 A - the +6 chain mail of Ruudus (worn) {rF+ MR+}
   (You bought it in a shop on level 11 of the Dungeon)

   It protects you from fire.
   It affects your resistance to hostile enchantments.
 N - the +0 cloak of Gallantry (worn) {rPois Dex+3}
   (You found it in a Gauntlet)

   It affects your dexterity (+3).
   It protects you from poison.
 Q - a +0 buckler (worn)
Jewellery
 i - a ring of wizardry (left hand)
 l - a +5 amulet of reflection (around neck)
 y - an uncursed ring of positive energy
 U - an uncursed ring of resist corrosion
 Y - the ring "Vetror" (right hand) {rC++ Int+2 Dex+3}
   (You found it on level 10 of the Dungeon)

   [ring of dexterity]

   It affects your intelligence (+2).
   It affects your dexterity (+3).
   It greatly protects you from cold.
Wands
 e - a wand of iceblast (12)
 z - a wand of paralysis (20)
 H - a wand of clouds (4)
 L - a wand of digging (4)
 P - a wand of flame (54)
 Z - a wand of polymorph (5)
Scrolls
 c - 4 scrolls of fear
 h - 2 scrolls of fog
 j - 6 scrolls of magic mapping
 k - 6 scrolls of identify
 m - 2 scrolls of immolation
 n - 8 scrolls of teleportation
 o - 5 scrolls of enchant armour
 C - 5 scrolls of enchant weapon
 I - 8 scrolls of remove curse
 S - 2 scrolls of vulnerability
 W - 3 scrolls of blinking
Potions
 f - 4 potions of brilliance
 p - 6 potions of ambrosia
 r - 3 potions of might
 t - 2 potions of cancellation
 B - a potion of invisibility
 D - 7 potions of flight
 G - 8 potions of curing
 J - 4 potions of agility
 K - 2 potions of heal wounds
 O - 5 potions of lignification
 T - a potion of haste
 V - a potion of mutation
Miscellaneous
 q - a phial of floods
Comestibles
 d - 51 rations
 v - 8 chunks of flesh


   Skills:
 + Level 11.5 Fighting
 + Level 10.7 Short Blades
 + Level 11.5 Long Blades
 + Level 10.7 Axes
 + Level 10.7 Maces & Flails
 + Level 10.7 Polearms
 + Level 10.7 Staves
 + Level 10.7 Slings
 + Level 10.7 Bows
 + Level 10.7 Crossbows
 + Level 10.7 Throwing
 + Level 11.0 Armour
 + Level 11.5 Dodging
 + Level 10.7 Stealth
 + Level 10.7 Shields
 + Level 10.7 Unarmed Combat
 + Level 11.7 Spellcasting
 + Level 9.1 Conjurations
 + Level 9.1 Hexes
 + Level 10.5 Charms
 + Level 9.1 Summonings
 + Level 9.1 Necromancy
 + Level 9.1 Translocations
 + Level 9.1 Transmutations
 + Level 9.1 Fire Magic
 + Level 9.1 Ice Magic
 + Level 9.1 Air Magic
 + Level 9.1 Earth Magic
 + Level 9.1 Poison Magic
 + Level 11.5 Invocations
 + Level 10.7 Evocations


You had 9 spell levels left.
You knew the following spells:

 Your Spells              Type           Power        Failure   Level  Hunger
b - Stone Arrow           Conj/Erth      ######       2%          3    None
c - Confuse               Hex            ######..     2%          3    None
h - Regeneration          Chrm/Necr      ######....   1%          3    None
j - Conjure Flame         Conj/Fire      ######..     2%          3    None
l - Lee's Rapid Deconstr  Erth           ######....   14%         5    ####...
n - Spectral Weapon       Hex/Chrm       ######..     1%          3    None
p - Sticky Flame          Conj/Fire      ######..     6%          4    ##.....
u - Song of Slaying       Chrm           ######..     1%          2    None
x - Shroud of Golubria    Chrm/Tloc      ######       1%          2    None
y - Infusion              Chrm           ####         1%          1    None

Your spell library contained the following spells:

 Spells                   Type           Power        Failure   Level  Hunger
 Animate Skeleton         Necr           N/A          1%          1    None
 Apportation              Tloc           ######       1%          1    None
 Confusing Touch          Hex            ######       1%          1    None
 Flame Tongue             Conj/Fire      #####        1%          1    None
 Sandblast                Erth           ######       1%          1    None
 Summon Small Mammal      Summ           ####         1%          1    None
 Passwall                 Tmut/Erth      ######..     1%          2    None
 Throw Flame              Conj/Fire      ######       1%          2    None
 Gell's Gravitas          Tloc           ######....   2%          3    None
 Inner Flame              Hex/Fire       ######..     2%          3    None
 Leda's Liquefaction      Hex/Erth       ######....   6%          4    ##.....
 Petrify                  Tmut/Erth      ######..     6%          4    ##.....
 Bolt of Magma            Conj/Fire/Erth ######....   14%         5    ####...
 Fireball                 Conj/Fire      ######....   14%         5    ####...
 Metabolic Englaciation   Hex/Ice        ######....   14%         5    ####...
 Yara's Violent Unravell  Hex/Tmut       ######....   14%         5    ####...
 Iron Shot                Conj/Erth      ######....   56%         6    ######.
 Statue Form              Tmut/Erth      ######...    56%         6    ######.
 Discord                  Hex            ######....   100%        8    #######
 Shatter                  Erth           ######....   100%        9    #######


Dungeon Overview and Level Annotations

Branches:
Dungeon (14/15)            Temple (0/1) D:6            Lair (6/6) D:9
  Swamp (4/4) Lair:2        Snake (1/4) Lair:2        Slime (0/5) Lair:6
    Orc (2/2) D:12            Elf (1/3) Orc:2       Gauntlet (visited)
 Vaults: D:13-14

Altars:
Ashenzari
Fedhas
Kikubaaqudgha
Makhleb
Nemelex Xobeh
Qazlal
Ru
Sif Muna
Trog
Uskayaw
Vehumet
Wu Jian
Xom
Yredelemnul
Zin

Shops:
D:5 =   D:11 [   D:12 ?   Orc:2 :*[(

Annotations:
Swamp:4 Bai Suzhen, Nikola


Innate Abilities, Weirdness & Mutations

Your experience applies equally to all skills.
You have very sharp teeth.
Your uncanny sense of smell can sniff out nearby items.
You have large cloven feet.
Your spells are a little harder to cast, but a little more powerful.


Message History

The seven-headed hydra bites you.
* * * LOW HITPOINT WARNING * * *
You block the seven-headed hydra's attack.
The seven-headed hydra bites you but does no damage.
The seven-headed hydra closely misses you.
You block the seven-headed hydra's attack.
The seven-headed hydra barely misses you.
The seven-headed hydra closely misses you.
The four-headed hydra bites your spectral weapon!
Your spectral weapon shares its damage with you!
* * * LOW HITPOINT WARNING * * *
The four-headed hydra misses your spectral weapon.
The four-headed hydra closely misses your spectral weapon.
The four-headed hydra bites your spectral weapon!
Your spectral weapon shares its damage with you!
Your spectral weapon fades away.
* * * LOW HITPOINT WARNING * * *
A bog body comes into view.
The swamp worm bites you!
You die...

♣♣♣♣≈.≈≈≈≈≈≈≈≈≈≈≈.≈.≈≈.♣
♣≈≈.♣÷≈≈≈≈≈≈≈≈≈≈≈≈.≈n≈.♣
♣≈≈≈....≈..≈≈≈≈≈≈≈≈≈≈≈≈♣
♣♣♣†.≈≈≈.......≈≈≈≈≈Z≈.♣
♣...†≈≈≈.♣♣...≈≈≈≈≈.≈≈.♣
♣≈††)≈≈≈.♣♣≈≈≈.≈.Z≈....♣
♣.≈≈≈♣≈.♣♣♣≈≈§≈.....?..♣♣
♣.≈.♣♣♣≈.≈≈..§§.wDD......
♣♣♣≈.♣ ♣≈.♣...♣♣@Dd≈≈.♣≈.≈
≈≈≈≈.♣ ≈≈≈.§≈≈≈..:.≈≈.♣ .
..≈≈.♣ ≈≈≈≈≈≈≈≈≈...♣≈♣...
...≈.♣≈≈≈≈≈≈≈≈≈§†≈≈.≈♣≈≈≈♣
≈≈..♣♣ ≈≈≈≈≈§≈§≈.≈.≈ .♣♣
≈♣≈♣♣ ≈≈≈≈≈@≈≈...≈≈.♣♣
.♣♣♣ ≈≈≈≈.≈≈.≈.♣≈≈♣♣ ≈♣
.≈....≈♣♣♣♣♣♣♣ ♣≈≈§≈♣


You could see Nikola, Bai Suzhen, a seven-headed hydra, a six-headed hydra, a
four-headed hydra, a bog body, a swamp worm and 2 alligator zombies.

Vanquished Creatures
  2 thorn hunters
  Kirke (D:12)
  Roxanne (Swamp:4)
  An orc warlord (Orc:2)
  A stone giant (Orc:2)
  A minotaur (Gauntlet)
  13 hydras
  3 shambling mangroves
  2 naga warriors (Snake:1)
  2 ghost crabs (Swamp:2)
  2 centaur warriors (D:14)
  2 two-headed ogres
  14 alligators
  3 orc high priests (Orc:2)
  2 naga sharpshooters (Snake:1)
  A tengu warrior (D:14)
  A naga ritualist (Snake:1)
  A wizard (D:14)
  4 swamp dragons
  A glowing orange brain (D:14)
  A deep elf mage (D:14)
  3 orc knights (Orc:2)
  4 manticores
  2 mana vipers (Snake:1)
  4 orc sorcerers (Orc:2)
  7 slime creatures
  5 ugly things
  Maurice (D:11)
  6 black mambas
  6 naga magi (Snake:1)
  4 elephants
  22 spiny frogs
  A torpor snail (Swamp:1)
  3 komodo dragons
  4 demonic crawlers (D:14)
  2 tengu conjurers (D:14)
  21 polar bears
  5 trolls
  A meliai (D:14)
  Grinder (D:4)
  A hornet (shapeshifter) (D:14)
  A queen bee (Lair:2)
  10 tyrant leeches
  10 hornets
  4 blink frogs (Lair:6)
  7 bog bodies
  A raiju (Lair:6)
  8 dream sheep (Lair:6)
  5 hippogriffs
  A shadow (D:14)
  Sigmund (D:3)
  A vampire (D:11)
  2 spriggans
  3 wyverns
  Eustachio (D:4)
  6 humans (D:12)
  24 yaks
  3 basilisks
  14 vampire mosquitoes
  2 hungry ghosts (D:12)
  An acid dragon (D:14)
  A soldier ant (D:12)
  13 swamp worms
  6 wargs
  8 nagas
  8 insubstantial wisps
  5 water moccasins
  A floating eye (D:14)
  2 porcupines
  16 hell hounds (Lair:6)
  3 swamp drakes
  6 ice beasts
  12 black bears
  31 orc warriors
  4 sky beasts
  8 ogres
  18 wolves
  A phantom (D:8)
  2 necrophages
  7 crocodiles
  5 centaurs
  5 big kobolds
  17 bullfrogs
  A wyvern zombie (D:14)
  3 small abominations (D:14)
  5 scorpions
  A water moccasin skeleton (D:6)
  31 killer bees
  9 wights
  5 howler monkeys
  An electric eel (Lair:4)
  6 crimson imps
  3 bullfrog zombies
  2 centaur zombies
  4 bullfrog skeletons
  4 jellies
  7 hounds
  4 centaur skeletons
  37 orc priests
  35 orc wizards
  Jessica (D:3)
  4 iguanas
  Ijyb (D:5)
  16 worker ants
  A howler monkey zombie (D:7)
  4 gnolls
  11 adders
  4 shadow imps
  2 oozes
  3 adder skeletons
  2 worms
  4 dart slugs
  7 leopard geckos
  91 orcs
  A ball python (D:5)
  2 bats
  3 giant cockroaches
  15 goblins
  11 hobgoblins
  20 jackals
  18 kobolds
  3 quokkas
  4 frilled lizards
  A quokka skeleton (D:5)
  A quokka zombie (D:5)
  9 rats
843 creatures vanquished.

Vanquished Creatures (collateral kills)
  A swamp dragon (Swamp:1)
  3 yaks (D:11)
  An orc warrior (Orc:1)
  An orc priest (Orc:1)
  4 orcs (Orc:2)
10 creatures vanquished.

Vanquished Creatures (others)
  An orc (Orc:1)
  A fungus (Lair:6)
  10 plants
  23 spectral weapons
35 creatures vanquished.

Grand Total: 888 creatures vanquished

Notes
Turn   | Place    | Note
-------+----------+-------------------------------------------
     0 | D:1      | FishyPogo the Gnoll Skald began the quest for the Orb.
     0 | D:1      | Reached XP level 1. HP: 20/20 MP: 6/6
   212 | D:1      | Reached XP level 2. HP: 26/26 MP: 7/7
   588 | D:2      | Reached skill level 5 in Spellcasting
   588 | D:2      | Reached XP level 3. HP: 31/31 MP: 7/9
   595 | D:2      | Learned a level 2 spell: Song of Slaying
   598 | D:2      | Learned a level 2 spell: Shroud of Golubria
   602 | D:2      | Learned a level 3 spell: Regeneration
   606 | D:2      | Learned a level 3 spell: Spectral Weapon
   631 | D:2      | Reached skill level 1 in Invocations
   637 | D:2      | Noticed a scorpion
   645 | D:2      | Killed a scorpion
   645 | D:2      | Reached skill level 1 in Short Blades
   645 | D:2      | Reached skill level 1 in Axes
   645 | D:2      | Reached skill level 1 in Maces & Flails
   645 | D:2      | Reached skill level 1 in Polearms
   645 | D:2      | Reached skill level 1 in Staves
   645 | D:2      | Reached skill level 1 in Slings
   645 | D:2      | Reached skill level 1 in Bows
   645 | D:2      | Reached skill level 1 in Crossbows
   645 | D:2      | Reached skill level 1 in Throwing
   645 | D:2      | Reached skill level 1 in Stealth
   645 | D:2      | Reached skill level 1 in Shields
   645 | D:2      | Reached skill level 1 in Unarmed Combat
   645 | D:2      | Reached skill level 1 in Evocations
   645 | D:2      | Reached XP level 4. HP: 33/38 MP: 7/11
   646 | D:2      | Reached skill level 1 in Conjurations
   646 | D:2      | Reached skill level 1 in Hexes
   646 | D:2      | Reached skill level 1 in Summonings
   646 | D:2      | Reached skill level 1 in Necromancy
   646 | D:2      | Reached skill level 1 in Translocations
   646 | D:2      | Reached skill level 1 in Transmutations
   646 | D:2      | Reached skill level 1 in Fire Magic
   646 | D:2      | Reached skill level 1 in Ice Magic
   646 | D:2      | Reached skill level 1 in Air Magic
   646 | D:2      | Reached skill level 1 in Earth Magic
   646 | D:2      | Reached skill level 1 in Poison Magic
   714 | D:2      | Found a bloodstained altar of Trog.
   822 | D:2      | Reached XP level 5. HP: 40/43 MP: 12/12
  1204 | D:3      | Learned a level 3 spell: Confuse
  1301 | D:3      | Noticed Sigmund
  1316 | D:3      | Killed Sigmund
  1316 | D:3      | Reached XP level 6. HP: 44/50 MP: 4/14
  1320 | D:3      | Found a shimmering blue altar of Sif Muna.
  1371 | D:3      | Noticed Jessica
  1376 | D:3      | Killed Jessica
  1376 | D:3      | Reached skill level 5 in Fighting
  1376 | D:3      | Reached skill level 5 in Long Blades
  1376 | D:3      | Reached skill level 5 in Dodging
  1506 | D:3      | Found an ornate altar of the Wu Jian Council.
  1575 | D:3      | Found a burning altar of Makhleb.
  1575 | D:3      | Noticed a green death
  1578 | D:3      | Noticed a neqoxec
  1578 | D:3      | Noticed a ynoxinul
  1580 | D:3      | Became a worshipper of Makhleb the Destroyer
  1884 | D:4      | Reached XP level 7. HP: 42/56 MP: 6/15
  1914 | D:4      | Found a sparkling altar of Nemelex Xobeh.
  1980 | D:4      | Noticed Grinder
  2102 | D:4      | Got a polished dagger
  2103 | D:4      | Identified the +9 dagger of the Dove {elec, rF+} (You found
                  | it on level 4 of the Dungeon)
  2156 | D:4      | Paralysed by Grinder for 7 turns
  2169 | D:4      | Killed Grinder
  2195 | D:4      | Reached XP level 8. HP: 55/63 MP: 10/16
  2330 | D:4      | Noticed Eustachio
  2333 | D:4      | Killed Eustachio
  2333 | D:4      | Reached * piety under Makhleb
  2526 | D:5      | Entered Level 5 of the Dungeon
  2791 | D:5      | Noticed Ijyb
  2800 | D:5      | Killed Ijyb
  2873 | D:5      | Found Yddoef's Jewellery Emporium.
  2946 | D:5      | Found a glowing silver altar of Zin.
  3242 | D:6      | Reached ** piety under Makhleb
  3242 | D:6      | Reached XP level 9. HP: 69/69 MP: 18/18
  3364 | D:6      | Found a staircase to the Ecumenical Temple.
  3517 | D:6      | Found a stormy altar of Qazlal.
  3519 | D:6      | Found a blossoming altar of Fedhas.
  3552 | D:6      | Found a basalt altar of Yredelemnul.
  3664 | D:6      | Learned a level 3 spell: Stone Arrow
  4333 | D:7      | Reached skill level 5 in Armour
  4366 | D:7      | Found a radiant altar of Vehumet.
  4531 | D:7      | Found an ancient bone altar of Kikubaaqudgha.
  4647 | D:7      | Found a sacrificial altar of Ru.
  4802 | D:7      | Reached skill level 5 in Invocations
  5051 | D:7      | Reached *** piety under Makhleb
  5256 | D:8      | Reached XP level 10. HP: 77/77 MP: 10/20
  5826 | D:9      | Reached skill level 5 in Short Blades
  5826 | D:9      | Reached skill level 5 in Axes
  5826 | D:9      | Reached skill level 5 in Maces & Flails
  5826 | D:9      | Reached skill level 5 in Polearms
  5826 | D:9      | Reached skill level 5 in Staves
  5826 | D:9      | Reached skill level 5 in Slings
  5826 | D:9      | Reached skill level 5 in Bows
  5826 | D:9      | Reached skill level 5 in Crossbows
  5826 | D:9      | Reached skill level 5 in Throwing
  5826 | D:9      | Reached skill level 5 in Stealth
  5826 | D:9      | Reached skill level 5 in Shields
  5826 | D:9      | Reached skill level 5 in Unarmed Combat
  5826 | D:9      | Reached skill level 5 in Evocations
  5846 | D:9      | Noticed an elephant
  5909 | D:9      | Killed an elephant
  5924 | D:9      | Reached **** piety under Makhleb
  5945 | D:9      | Found a staircase to the Lair.
  6056 | D:9      | Found a shimmering altar of Xom.
  6206 | D:9      | Found a hide-covered altar of Uskayaw.
  6557 | D:10     | Entered Level 10 of the Dungeon
  6961 | D:10     | Got a glittering platinum ring
  6963 | D:10     | Identified the ring "Vetror" {rC++ Int+2 Dex+3} (You found
                  | it on level 10 of the Dungeon)
  7284 | D:11     | Noticed Maurice
  7287 | D:11     | Noticed a brown ugly thing
  7290 | D:11     | Noticed a manticore
  7402 | D:11     | Gained mutation: You have a pair of small horns on your
                  | head. [potion of mutation]
  7402 | D:11     | Gained mutation: Your spells are a little harder to cast,
                  | but a little more powerful. [potion of mutation]
  7402 | D:11     | Gained mutation: You have large cloven feet. [potion of
                  | mutation]
  7402 | D:11     | Gained mutation: Your muscles are strong. (Str +2) [potion
                  | of mutation]
  7447 | D:11     | Reached XP level 11. HP: 27/84 MP: 20/22
  7695 | Lair:1   | Entered Level 1 of the Lair of Beasts
  7845 | Lair:1   | Found a gate leading to a gauntlet.
  7868 | Gauntlet | Entered a Gauntlet
  7868 | Gauntlet | Found a transporter.
  7868 | Gauntlet | Found a transporter.
  7868 | Gauntlet | Found a transporter.
  7868 | Gauntlet | Noticed an oklob plant
  7868 | Gauntlet | Noticed a green death
  7873 | Gauntlet | Found a transporter.
  7883 | Gauntlet | Found a transporter.
  7890 | Gauntlet | Found a transporter.
  7906 | Gauntlet | Found a transporter.
  7906 | Gauntlet | Found a transporter.
  7906 | Gauntlet | Noticed a ghost crab
  7909 | Gauntlet | Noticed a queen ant
  7923 | Gauntlet | Found a transporter.
  7923 | Gauntlet | Noticed a queen ant
  7940 | Gauntlet | Found a transporter.
  7948 | Gauntlet | Found a transporter.
  7948 | Gauntlet | Noticed a queen ant
  8008 | Gauntlet | Found a transporter.
  8191 | Gauntlet | Got a polished cloak
  8213 | Gauntlet | Identified the cursed +0 cloak of Gallantry {rPois Dex+3}
                  | (You found it in a Gauntlet)
  8213 | Gauntlet | Noticed a minotaur
  8227 | Gauntlet | Killed a minotaur
  8227 | Gauntlet | Reached skill level 5 in Conjurations
  8227 | Gauntlet | Reached skill level 5 in Hexes
  8227 | Gauntlet | Reached skill level 5 in Summonings
  8227 | Gauntlet | Reached skill level 5 in Necromancy
  8227 | Gauntlet | Reached skill level 5 in Translocations
  8227 | Gauntlet | Reached skill level 5 in Transmutations
  8227 | Gauntlet | Reached skill level 5 in Fire Magic
  8227 | Gauntlet | Reached skill level 5 in Ice Magic
  8227 | Gauntlet | Reached skill level 5 in Air Magic
  8227 | Gauntlet | Reached skill level 5 in Earth Magic
  8227 | Gauntlet | Reached skill level 5 in Poison Magic
  8273 | Gauntlet | Got a bone halberd
  8356 | Lair:1   | Identified the +7 halberd of Equivalence {venom, *Noise
                  | +Rage rElec} (You found it in a Gauntlet)
  8987 | Lair:2   | Learned a level 3 spell: Conjure Flame
  9016 | Lair:2   | Found a staircase to the Snake Pit.
  9077 | Lair:2   | Found a shattered altar of Ashenzari.
  9137 | Lair:2   | Reached ***** piety under Makhleb
  9279 | Lair:2   | Found a staircase to the Swamp.
 10010 | Lair:3   | Noticed a seven-headed hydra
 10020 | Lair:3   | Killed a seven-headed hydra
 10020 | Lair:3   | Reached XP level 12. HP: 81/93 MP: 20/24
 10200 | Lair:3   | Noticed a seven-headed hydra
 10208 | Lair:3   | Killed a seven-headed hydra
 11371 | Lair:4   | Noticed an eight-headed hydra
 11379 | Lair:4   | Killed an eight-headed hydra
 11831 | Lair:5   | Found a stormy altar of Qazlal.
 12098 | Lair:5   | Reached XP level 13. HP: 101/101 MP: 23/26
 12116 | Lair:5   | Got an iridescent trident
 12117 | Lair:5   | Identified the cursed +0 trident of Odghatuxy {speed,
                  | *Contam Str+7} (You found it on level 5 of the Lair of
                  | Beasts)
 12447 | Lair:6   | Entered Level 6 of the Lair of Beasts
 12538 | Lair:6   | Lost mutation: Your muscles are strong. (Str +2) [mutagenic
                  | glow]
 12943 | Lair:6   | Reached ****** piety under Makhleb
 13453 | Lair:6   | Found a staircase to the Slime Pits.
 13833 | Swamp:1  | Entered Level 1 of the Swamp
 13926 | D:11     | Learned a level 4 spell: Sticky Flame
 14003 | D:11     | Reached skill level 10 in Spellcasting
 14069 | D:11     | Reached XP level 14. HP: 109/109 MP: 23/28
 14256 | D:11     | Killed Maurice
 14303 | D:11     | Found Waloroyt's Armour Boutique.
 14312 | D:11     | Bought the +6 chain mail of Ruudus {rF+ MR+} for 649 gold
                  | pieces
 14422 | D:11     | Reached skill level 10 in Fighting
 14422 | D:11     | Reached skill level 10 in Long Blades
 14422 | D:11     | Reached skill level 10 in Dodging
 14998 | D:12     | Found a staircase to the Orcish Mines.
 15042 | Orc:1    | Entered Level 1 of the Orcish Mines
 15113 | Orc:2    | Entered Level 2 of the Orcish Mines
 15113 | Orc:2    | Found a staircase to the Elven Halls.
 15130 | Elf:1    | Entered Level 1 of the Elven Halls
 15161 | Orc:2    | Found a shimmering altar of Xom.
 15176 | Orc:2    | Noticed a stone giant
 15192 | Orc:2    | Killed a stone giant
 15955 | Orc:2    | Noticed an orc warlord
 15973 | Orc:2    | Killed an orc warlord
 15973 | Orc:2    | Reached skill level 10 in Invocations
 16476 | Orc:2    | Found Ruanoetuhe's General Store.
 16476 | Orc:2    | Found Dilay's Book Shop.
 16478 | Orc:2    | Found Gucez's Antique Armour Shop.
 16478 | Orc:2    | Found Oroeh's Antique Weapon Boutique.
 16483 | Orc:2    | Bought a glowing hat for 203 gold pieces
 16891 | D:12     | Noticed Kirke
 16908 | D:12     | Killed Kirke
 16958 | D:12     | Found Jeth's Magic Scroll Shop.
 18129 | D:14     | Reached XP level 15. HP: 117/117 MP: 26/29
 18263 | D:14     | Identified Toojaig's Volume of Curses
 18339 | D:14     | Paralysed by a floating eye for 2 turns
 18347 | D:14     | Paralysed by a floating eye for 4 turns
 18424 | D:14     | Found a blossoming altar of Fedhas.
 18438 | D:14     | Reached skill level 10 in Armour
 18976 | Snake:1  | Entered Level 1 of the Snake Pit
 19233 | Snake:1  | Reached skill level 10 in Charms
 19591 | Swamp:1  | Reached skill level 10 in Short Blades
 19591 | Swamp:1  | Reached skill level 10 in Axes
 19591 | Swamp:1  | Reached skill level 10 in Maces & Flails
 19591 | Swamp:1  | Reached skill level 10 in Polearms
 19591 | Swamp:1  | Reached skill level 10 in Staves
 19591 | Swamp:1  | Reached skill level 10 in Slings
 19591 | Swamp:1  | Reached skill level 10 in Bows
 19591 | Swamp:1  | Reached skill level 10 in Crossbows
 19591 | Swamp:1  | Reached skill level 10 in Throwing
 19591 | Swamp:1  | Reached skill level 10 in Stealth
 19591 | Swamp:1  | Reached skill level 10 in Shields
 19591 | Swamp:1  | Reached skill level 10 in Unarmed Combat
 19591 | Swamp:1  | Reached skill level 10 in Evocations
 20163 | Swamp:1  | Noticed a thorn hunter
 20197 | Swamp:1  | Killed a thorn hunter
 20571 | Swamp:2  | Reached XP level 16. HP: 124/125 MP: 28/31
 20672 | Swamp:2  | Noticed a thorn hunter
 20687 | Swamp:2  | Killed a thorn hunter
 21670 | Swamp:3  | Got an encrusted quarterstaff
 21676 | Swamp:3  | Identified the +0 quarterstaff of Doom {antimagic, *Contam
                  | Str+2 Int+2 Dex+8} (You found it on level 3 of the Swamp)
 21686 | Swamp:3  | Lost mutation: You have a pair of small horns on your head.
                  | [mutagenic glow]
 22203 | Swamp:4  | Entered Level 4 of the Swamp
 22435 | Swamp:4  | Identified Roxanne's Papyrus of Shape Shifting
 22435 | Swamp:4  | Noticed Roxanne
 22448 | Swamp:4  | Learned a level 5 spell: Lee's Rapid Deconstruction
 22463 | Swamp:4  | Noticed Bai Suzhen
 22467 | Swamp:4  | Killed Roxanne
 22474 | Swamp:4  | Noticed Nikola
 22477 | Swamp:4  | Slain by a swamp worm

Levels and vault maps discovered:
D:1:      dpeg_arrival_shelter, layout_loops_ring
D:2:      layout_basic, first_ration, trog_hazing_becter
D:3:      layout_basic, makhleb_altar_promises_db, marbit_many_paths,
          lemuel_crystal_altar, guppyfry_early_orc_mine, uniq_sigmund,
          uniq_jessica
D:4:      layout_gridville, nemelex_xobeh_ov_fountains_minmay, uniq_grinder,
          uniq_eustachio
D:5:      layout_loops_cross, zin_statuary, serial_shops, shop,
          kennysheep_generic_room_5, uniq_ijyb
D:6:      layout_layer_cave, grunt_temple_overflow_forces_of_nature,
          minmay_temple_entry_stoned_glass, basic_altar, small_statue_alley_b
D:7:      layout_basic, overflow_temple_1_default, lemuel_round_altar,
          lemuel_doored_altar
D:8:      layout_loops_ring, grunt_decor_mini_mirrors
D:9:      layout_loops_ring, lemuel_crystal_altar, xom_teletrap_fun,
          david_lair_generic, kennysheep_generic_room_8
D:10:     layout_basic
D:11:     layout_loops_corners, serial_shops, nicolae_shop_behind_doors,
          blue_anna_alchemist [blue_anna_fruit_fields, blue_anna_fruit_fields],
          minmay_misc_feat_rows, uniq_maurice
D:12:     kennysheep_ambush_hall, layout_basic, david_orc_3, serial_shops, shop,
          uniq_kirke
D:13:     layout_loops_cross
D:14:     cheibrodos_hippocracy, layout_loops_ring, david_vaults_5, basic_altar,
          hangedman_abyss_or_decor_slice, uniq_nessos
Lair:1:   layout_big_grid, gauntlet_entry_generic
Lair:2:   layout_cave_pods, minmay_swamp_entry_swarm,
          guppyfry_snake_entry_island, basic_altar, special_room
          [special_room_bee], minmay_hedge_maze, st_stairs_4
Lair:3:   layout_layer_cave, minivault_11
Lair:4:   layout_concentric_octagons, infiniplex_staircase_pool
Lair:5:   layout_big_grid, basic_altar, beast_lair_carwin_7
Lair:6:   hangedman_lair_caniforms_friends, layout_small_grid,
          dpeg_slime_entry_corner, grunt_megastairs_4, serial_bayou_shore_b
Swamp:1:  layout_falls_marsh, evilmike_swamp_ruin_wall, worms_lemuel
Swamp:2:  layout_basic_swamp, evilmike_swamp_ruin_house_6
Swamp:3:  layout_basic_swamp, hangedman_swamp_pad, nicolae_swamp_fairy_circle
Swamp:4:  swamp_pestilence, layout_basic_swamp, uniq_bai_suzhen, uniq_roxanne,
          uniq_nikola
Snake:1:  layout_onion_interference
Orc:1:    layout_diamond_mine
Orc:2:    st_orc_congregation, layout_diamond_mine, basic_altar,
          nicolae_orc_damp_corner
Elf:1:    layout_geoelf_diagonals, serial_shops, shop, minmay_elf_necromancy

Skill      XL: |  1  2  3  4  5  6  7  8  9 10 11 12 13 14 15 16 |
---------------+-------------------------------------------------+-----
Spellcasting   | 5 6 7 8 9 10 11 | 11.7
Invocations    | 1 2 3 4 5 6 7 8 9 10 11 | 11.5
Short Blades   | 1 2 3 4 5 6 7 8 9 10 | 10.7
Axes           | 1 2 3 4 5 6 7 8 9 10 | 10.7
Maces & Flails | 1 2 3 4 5 6 7 8 9 10 | 10.7
Polearms       | 1 2 3 4 5 6 7 8 9 10 | 10.7
Staves         | 1 2 3 4 5 6 7 8 9 10 | 10.7
Slings         | 1 2 3 4 5 6 7 8 9 10 | 10.7
Bows           | 1 2 3 4 5 6 7 8 9 10 | 10.7
Crossbows      | 1 2 3 4 5 6 7 8 9 10 | 10.7
Throwing       | 1 2 3 4 5 6 7 8 9 10 | 10.7
Stealth        | 1 2 3 4 5 6 7 8 9 10 | 10.7
Shields        | 1 2 3 4 5 6 7 8 9 10 | 10.7
Unarmed Combat | 1 2 3 4 5 6 7 8 9 10 | 10.7
Evocations     | 1 2 3 4 5 6 7 8 9 10 | 10.7
Conjurations   | 1 2 3 4 5 6 7 8 9 |  9.1
Hexes          | 1 2 3 4 5 6 7 8 9 |  9.1
Summonings     | 1 2 3 4 5 6 7 8 9 |  9.1
Necromancy     | 1 2 3 4 5 6 7 8 9 |  9.1
Translocations | 1 2 3 4 5 6 7 8 9 |  9.1
Transmutations | 1 2 3 4 5 6 7 8 9 |  9.1
Fire Magic     | 1 2 3 4 5 6 7 8 9 |  9.1
Ice Magic      | 1 2 3 4 5 6 7 8 9 |  9.1
Air Magic      | 1 2 3 4 5 6 7 8 9 |  9.1
Earth Magic    | 1 2 3 4 5 6 7 8 9 |  9.1
Poison Magic   | 1 2 3 4 5 6 7 8 9 |  9.1
Armour         | 3 4 5 6 7 8 9 10 11 | 11.0
Fighting       | 5 6 7 8 9 10 11 | 11.5
Long Blades    | 5 6 7 8 9 10 11 | 11.5
Dodging        | 5 6 7 8 9 10 11 | 11.5
Charms         | 6 7 8 9 10 | 10.5

Action                   |  1- 3 |  4- 6 |  7- 9 | 10-12 | 13-15 | 16-18 || total
-------------------------+-------+-------+-------+-------+-------+-------++-------
Melee: Falchion          |    56 |    72 |       |       |       |       ||   128
       Bite              |     2 |    16 |    23 |    58 |   147 |    42 ||   288
       Club              |       |    52 |    30 |       |       |       ||    82
       Dagger            |       |       |   188 |   417 |   921 |   233 ||  1759
       Punch             |       |       |     3 |    11 |       |     6 ||    20
       Kick              |       |       |       |   107 |   449 |   119 ||   675
       Headbutt          |       |       |       |    76 |   274 |    51 ||   401
       Eudemon blade     |       |       |       |    38 |   114 |    13 ||   165
       Halberd           |       |       |       |     6 |       |       ||     6
       Trident           |       |       |       |       |    15 |       ||    15
Throw: Stone             |       |       |    10 |     8 |     2 |       ||    20
       Boomerang         |       |       |     5 |     4 |    55 |     8 ||    72
       Dart              |       |       |       |       |     7 |       ||     7
 Cast: Infusion          |     2 |     2 |     1 |     9 |    11 |       ||    25
       Song of Slaying   |     1 |     4 |     2 |    14 |    30 |       ||    51
       Spectral Weapon   |     1 |     5 |    33 |    59 |    78 |    16 ||   192
       Shroud of Golubri |       |     5 |    19 |     9 |     2 |       ||    35
       Regeneration      |       |       |     5 |     7 |    20 |    11 ||    43
       Confuse           |       |       |     3 |     3 |       |       ||     6
       Stone Arrow       |       |       |     3 |     2 |       |       ||     5
       Lee's Rapid Decon |       |       |       |       |       |     5 ||     5
       Sticky Flame      |       |       |       |       |       |     4 ||     4
Invok: Minor Destruction |       |       |    10 |     5 |     4 |       ||    19
       Lesser Servant of |       |       |       |     2 |     5 |     2 ||     9
       Major Destruction |       |       |       |       |     1 |       ||     1
       Greater Servant o |       |       |       |       |     1 |       ||     1
Evoke: Wand              |       |       |       |       |     1 |     1 ||     2
       Phial of floods   |       |       |       |       |     1 |       ||     1
  Use: Scroll            |       |       |    11 |    15 |    10 |     4 ||    40
       Potion            |       |       |       |     9 |     4 |     3 ||    16
 Stab: Sleeping          |       |     1 |     4 |    14 |     4 |       ||    23
       Confused          |       |       |     1 |       |       |       ||     1
       Distracted        |       |       |       |     6 |    15 |     2 ||    23
       Invisible         |       |       |       |       |     2 |       ||     2
  Eat: Chunk             |       |     4 |    14 |    23 |    22 |     7 ||    70
       Ration            |       |       |       |       |     2 |       ||     2
Armor: Leather armour    |     7 |    28 |     8 |       |       |       ||    43
       Scale mail        |       |       |     5 |       |       |       ||     5
       Pearl dragon scal |       |       |    22 |   142 |    44 |       ||   208
       Chain mail        |       |       |       |       |   156 |   118 ||   274
Dodge: Dodged            |    38 |   100 |    90 |   251 |   388 |   152 ||  1019
       Deflected         |       |     1 |     7 |     9 |       |       ||    17
Block: Other             |     4 |    47 |    37 |    48 |       |    18 ||   154
       Reflection        |       |     2 |     2 |     4 |    34 |     2 ||    44
       Buckler           |       |       |       |    78 |   416 |    97 ||   591
       Rpst.: Falchion   |    10 |    18 |       |       |       |       ||    28
       Eudemon blade     |       |       |       |    13 |     3 |       ||    16
